 Dungeon Crawl Stone Soup version 0.21-a0-265-gb353147 (webtiles) character file.

51 4thArraOfDagon the Vexing (level 3, 0/26 HPs)
             Began as a Barachi Arcane Marksman on Sept 11, 2017.
             Slain by an orc
             ... wielding a +0 trident
              (5 damage)
             ... on level 6 of the Dungeon.
             The game lasted 00:03:45 (706 turns).

4thArraOfDagon the Vexing (Barachi Arcane Marksman)  Turns: 706, Time: 00:03:46

Health: 0/26       AC:  6    Str: 11    XL:     3   Next: 81%
Magic:  4/4        EV: 12    Int: 14    God:
Gold:   69         SH:  0    Dex: 12    Spells: 3/4 levels left

rFire    . . .     SeeInvis .   a - +0 hand crossbow
rCold    . . .     Gourm    .   (no shield)
rNeg     . . .     Faith    .   n - +3 leather armour
rPois    .         Spirit   .   (no helmet)
rElec    .         Reflect  .   (no cloak)
rCorr    .         Harm     .   (no gloves)
MR       .....                  (no boots)
Stlth    ..........             g - amulet of magic regeneration
HPRegen  0.08/turn              k - ring of loudness (curse)
MPRegen  0.34/turn              s - -3 ring of slaying (curse)

@: slow
A: +LOS, swims, slowness 1, strong legs 1
a: Hop


You were on level 6 of the Dungeon.
You were not hungry.

You visited 1 branch of the dungeon, and saw 6 of its levels.

You collected 69 gold pieces.

Inventory:

Hand Weapons
 a - a +0 hand crossbow (weapon)
 h - a +0 hand axe of freezing
Missiles
 d - 16 bolts (quivered)
Armour
 e - a +0 robe
 n - a +3 leather armour (worn)
Magical Staves
 i - an uncursed staff of earth
Jewellery
 g - an amulet of magic regeneration (around neck)
 k - a cursed ring of loudness (left hand)
 s - a cursed -3 ring of slaying (right hand)
Wands
 j - a wand of lightning (5/15)
 m - a wand of flame (18/48)
 r - a wand of digging (11/24)
Scrolls
 l - a scroll of teleportation
 q - a scroll of immolation
Potions
 b - 2 potions of curing
 t - a potion of might {unknown}
 u - a potion of resistance {unknown}
Books
 c - a book of Debilitation

   Spells                             Type                      Level
   a - Corona                         Hexes                        1
   b - Slow                           Hexes                        2
   c - Inner Flame                    Hexes/Fire                   3
   d - Portal Projectile              Hexes/Translocation          3
   e - Cause Fear                     Hexes                        4
   f - Leda's Liquefaction            Hexes/Earth                  4
Comestibles
 f - 3 bread rations
 o - a meat ration
 p - a royal jelly


   Skills:
 - Level 1.2 Fighting
 - Level 3.1 Crossbows
 - Level 2.1 Dodging
 - Level 1.1 Spellcasting
 - Level 3.2 Hexes
 + Level 2.4 Evocations


You had 3 spell levels left.
You knew the following spells:

 Your Spells              Type           Power        Failure   Level  Hunger
a - Corona                Hex            #......      9%          1    ##.....


Dungeon Overview and Level Annotations

Branches:
Dungeon (6/15)
 Temple: D:4-7

Altars:
Okawaru


Innate Abilities, Weirdness & Mutations

Shadows flee at your approach. (+LOS)
You can swim through water.
You cover ground slowly.
You can hop short distances.


Message History

Evoking this partially-identified wand wasted a few charges.
You see here a hound corpse.
d - 13 bolts (gained 1) Unknown command.
An orc comes into view. It is wielding a trident.
You see here 3 bolts.
An orc comes into view. It is wielding a falchion.
Unknown command.
You see here 3 bolts.
d - 16 bolts (gained 3) Unknown command.
Unknown command.
Unknown command.
You see here a hound corpse.
Unknown command.
Unknown command.
There is a stone staircase leading up, spattered with blood here.
Unknown command.
The orc hits you from afar with a trident.
You die...

..##
.)######..
#.........
##...o.o...
#..###.###.
#o.# ##o.#
#.†## #.@#
#......##
##.....
#.....
##...# ##..
#.# .. #..


You could see 2 orcs.

Vanquished Creatures
  A hound (D:6)
  An adder (D:3)
  An orc (D:3)
  A hobgoblin (D:3)
  A quokka (D:5)
  A ball python (D:3)
  A frilled lizard (D:3)
  2 kobolds
  2 rats (D:3)
11 creatures vanquished.

Notes
Turn   | Place    | Note
-------+----------+-------------------------------------------
     0 | D:1      | 4thArraOfDagon the Barachi Arcane Marksman began the quest for the Orb.
     0 | D:1      | Reached XP level 1. HP: 15/15 MP: 2/2
   167 | D:3      | Reached XP level 2. HP: 21/21 MP: 3/3
   276 | D:4      | Found an iron altar of Okawaru.
   426 | D:5      | Entered Level 5 of the Dungeon
   693 | D:6      | Reached XP level 3. HP: 4/26 MP: 4/4
   706 | D:6      | Slain by an orc

Vault maps used:
D:1:      dpeg_arrival_ratfight, minivault_25
D:2:      wad_lake_hut, chequers_temple_overflow_minitemple
D:3:      serial_glass, glass_columns_c, glass_columns_a, glass_columns_b,
          glass_columns_a
D:4:      zin_purify, first_bread, okawaru_metal_pillars_1_2
D:6:      minmay_temple_entry_poolview, serial_shops, nicolae_shop_behind_doors,
          uniq_prince_ribbit1

Skill      XL: |  1  2 |
---------------+-------+-----
Crossbows      | 3 |  3.1
Evocations     | 2 |  2.4
Fighting       | |  1.2
Dodging        | |  2.1
Spellcasting   | |  1.1
Hexes          | |  3.2

Action                   || total
-------------------------++-------
Melee: Hand axe          ||     3
 Fire: Hand crossbow     ||    43
Evoke: Wand              ||     4
  Use: Scroll            ||     3
       Potion            ||     2
  Eat: Fruit             ||     4
Armor: Leather armour    ||     8
       Robe              ||     2
Dodge: Dodged            ||    23

Table legend:
 A = Spawn XP
 B = Non-spawn XP
 C = Spawn XP percentage of total XP
 D = Spawn monster count
 E = Non-spawn monster count
 F = Spawn count percentage of total count
 G = Total turns spent on level
                    A         B        C        D         E        F      G
               +---------+---------+-------+---------+---------+-------+---------
         Total |       0 |      73 |   0.0 |       0 |      11 |   0.0 |   706
               +---------+---------+-------+---------+---------+-------+---------
           D:1 |       0 |       1 |   0.0 |       0 |       1 |   0.0 |    37
           D:3 |       0 |      24 |   0.0 |       0 |       8 |   0.0 |   189
           D:5 |       0 |       2 |   0.0 |       0 |       1 |   0.0 |   246
           D:6 |       0 |      46 |   0.0 |       0 |       1 |   0.0 |    27
               +---------+---------+-------+---------+---------+-------+---------
